 Dungeon Crawl Stone Soup version 0.20-a0-274-g7b51309 (webtiles) character file.

95710 PurpleRed the Archer (level 15, -15/126 HPs)
             Began as a Centaur Ice Elementalist on Dec 13, 2016.
             Was the Champion of Vehumet.
             Demolished by a white very ugly thing (26 damage)
             ... on level 13 of the Dungeon.
             The game lasted 02:57:32 (38996 turns).

PurpleRed the Archer (Centaur Ice Elementalist)    Turns: 38996, Time: 02:57:32

Health: -15/126    AC: 11    Str: 13    XL:     15   Next: 67%
Magic:  5/43       EV: 10    Int: 19    God:    Vehumet [******]
Gold:   1530       SH:  0    Dex:  9    Spells: 6/33 levels left

rFire  . . .     SeeInvis .     c - staff of power
rCold  + . .     Gourm    .     H - +1 robe {rF+}
rNeg   . . .     Faith    .     (no shield)
rPois  .         Spirit   .     o - +1 helmet
rElec  .         Reflect  .     F - +1 cloak
rCorr  .         Harm     .     d - +1 pair of gloves
MR     +....                    (no barding)
Stlth  +.........               h - amulet of magic regeneration
                                R - ring of ice
                                X - ring of wizardry

@: very quick
A: hooves 3, deformed body, speed 2, tough skin 3
a: Renounce Religion


You were on level 13 of the Dungeon.
You worshipped Vehumet.
Vehumet was exalted by your worship.
You were not hungry.

You visited 4 branches of the dungeon, and saw 22 of its levels.
You also visited: Sewer.

You collected 2508 gold pieces.
You spent 978 gold pieces at shops.

Inventory:

Hand Weapons
 a - a +2 whip of electrocution
 b - a +1 shortbow of flaming
 T - the +0 great sword "Ketoiseo" {venom, rC+ SInv}
   (You found it on level 6 of the Lair of Beasts)

   It poisons the flesh of those it strikes.
   It protects you from cold.
   It lets you see invisible.
 V - a +4 morningstar of holy wrath
Missiles
 B - 303 arrows
Armour
 d - a +1 pair of gloves (worn)
 o - a +1 helmet (worn)
 F - a +1 cloak (worn)
 H - a +1 robe of fire resistance (worn)
 P - a +0 buckler
Magical Staves
 c - an uncursed staff of power (weapon)
Jewellery
 f - an uncursed ring of flight
 h - an amulet of magic regeneration (around neck)
 u - the ring of Ifapp {+Inv rC+}
   (You found it on level 4 of the Lair of Beasts)

   [ring of protection from cold]

   It protects you from cold.
   It lets you turn invisible.
 D - the ring of Music {rElec rPois rN+ MR+ Int-2}
   (You bought it in a shop on level 2 of the Orcish Mines)

   [ring of protection from magic]

   It affects your intelligence (-2).
   It insulates you from electricity.
   It protects you from poison.
   It protects you from negative energy.
   It affects your resistance to hostile enchantments.
 M - an uncursed amulet of rage
 R - a ring of ice (right hand)
 X - a ring of wizardry (left hand)
 Z - an uncursed ring of protection from fire
Wands
 A - a wand of lightning (8/15)
 J - a wand of lightning (4/15)
 N - a wand of iceblast (14/15)
 W - a wand of paralysis (9/24)
Scrolls
 i - a scroll of fear
 j - 5 scrolls of fog
 l - 5 scrolls of amnesia
 p - a scroll of magic mapping
 r - 3 scrolls of teleportation
 w - 3 scrolls of identify
 y - 4 scrolls of remove curse
 K - 2 scrolls of enchant weapon
 O - a scroll of blinking
 S - 2 scrolls of recharging
Potions
 e - 5 potions of curing
 g - 2 potions of cancellation
 k - 6 potions of lignification
 m - 5 potions of might
 n - 4 potions of ambrosia
 s - 2 potions of flight
 t - 4 potions of magic
 v - 3 potions of brilliance
 x - a potion of heal wounds
 z - 3 potions of resistance
 C - a potion of berserk rage
 E - a potion of haste
 G - a potion of invisibility
 I - a potion of cure mutation
 Y - 2 potions of agility
Miscellaneous
 q - a box of beasts
Comestibles
 Q - a meat ration
 U - 14 bread rations


   Skills:
 - Level 10.0 Fighting
 - Level 14.0 Bows
 - Level 3.0 Dodging
 - Level 1.1 Stealth
 + Level 9.7 Spellcasting
 * Level 11.8 Conjurations
 - Level 2.0 Summonings
 - Level 14.0 Ice Magic
 - Level 5.1 Air Magic


You had 6 spell levels left.
You knew the following spells:

 Your Spells              Type           Power        Failure   Level  Hunger
a - Freeze                Ice            ####         1%          1    None
b - Throw Frost           Conj/Ice       ######       1%          2    None
c - Ozocubu's Armour      Chrm/Ice       ######..     1%          3    None
d - Throw Icicle          Conj/Ice       ######..     1%          4    ###....
e - Orb of Destruction    Conj           ######....   9%          7    #######
f - Summon Ice Beast      Ice/Summ       ######..     1%          4    ###....
g - Freezing Cloud        Conj/Ice/Air   ######....   2%          6    ######.


Dungeon Overview and Level Annotations

Branches:
Dungeon (13/15)            Temple (1/1) D:4            Lair (6/6) D:9
  Swamp (0/4) Lair:3       Spider (0/4) Lair:3        Slime (0/5) Lair:6
    Orc (2/2) D:9             Elf (0/3) Orc:2        Vaults (0/5) D:13

Altars:
Ashenzari
Cheibriados
Dithmenos
Elyvilon
Fedhas
Gozag
Hepliaklqana
Kikubaaqudgha
Makhleb
Nemelex Xobeh
Okawaru
Qazlal
Ru
Sif Muna
Trog
Uskayaw
Vehumet
Xom
Yredelemnul
Zin
The Shining One
Beogh
Jiyva

Shops:
D:9 ?   D:12 %   Orc:2 !==[


Innate Abilities, Weirdness & Mutations

You have hooves in place of feet.
Armour fits poorly on your strangely shaped body.
You cover ground very quickly.
You have extremely tough skin. (AC +3)


Message History

Aiming: Throw Icicle
Press: ? - help, Shift-Dir - straight line, f/p - white very ugly thing
Aim: a white very ugly thing (severely wounded)
You feel a surge of power!
The shard of ice hits the white very ugly thing.
The white very ugly thing partially resists.
The white very ugly thing is almost dead.
Casting: Throw Icicle
Confirm with . or Enter, or press ? or * to list all spells.
Aiming: Throw Icicle
Press: ? - help, Shift-Dir - straight line, f/p - white very ugly thing
Aim: a white very ugly thing (almost dead)
You feel a surge of power!
The shard of ice hits the white very ugly thing.
The white very ugly thing partially resists.
The white very ugly thing is almost dead.
The white very ugly thing bites you!
* * * LOW HITPOINT WARNING * * *
The white very ugly thing freezes you!! You resist.
You die...

.......##..###....##.#.)....##.#.
.........#.##....##..#u...###..##
.......##..##..###(..#.####?..###
.......##..#####(...##...u...##
.......##..# #(############# ##
.......##..#####.#### #.
..#..####..##..#.#..# #. ..#..#
#..##...u#..# ## ..#..#
#..#####@#.### #D
..#..####..#..((#[...# #Dl....
..#........###.#)##### .C#####
#..........##..#....#
##########.##..#.#..# #
#.#####)#### #
#.#####(################ # ###
#.#......##.#.........#. # ##.##
#.#####...#.#.###.###.#(


You could see a white very ugly thing.

Vanquished Creatures
  A storm dragon (D:13)
  An iron dragon (D:13)
  A vault warden (D:13)
  A dire elephant (Lair:6)
  Snorg (Orc:2)
  A fire dragon (D:13)
  Harold (Lair:4)
  A catoblepas (Lair:6)
  8 hydras
  A merfolk avatar (Lair:6)
  4 centaur warriors (D:13)
  3 anacondas (Lair:5)
  An ogre mage (D:13)
  The ghost of ultrashaft the Thaumaturge, a journeyman DEFE of Vehumet (Lair:1)
  3 death yaks (Lair:5)
  Urug (D:13)
  3 skeletal warriors (D:13)
  A fire crab (Lair:4)
  A sea snake (Lair:6)
  Nergalle (Lair:1)
  An unseen horror (D:12)
  The ghost of TroubleDarcy the Grappler, a novice TrCK of Xom (D:5)
  6 hill giants
  2 harpies (Lair:6)
  6 orc knights
  An ugly thing (D:13)
  2 wolf spiders
  2 deep elf magi (D:13)
  An oklob plant (Lair:5)
  An orc sorcerer (Orc:2)
  3 cyclopes (D:13)
  2 manticores
  A centaur zombie (D:13)
  10 black mambas
  A water nymph (shapeshifter) (D:13)
  11 spiny frogs
  A gargoyle (D:11)
  14 rime drakes
  2 efreet (D:13)
  A freezing wraith (D:13)
  A yaktaur (D:13)
  6 komodo dragons
  5 polar bears (Lair:6)
  A merfolk (D:11)
  A jumping spider (Lair:3)
  A meliai (D:13)
  8 trolls
  Grinder (D:4)
  3 slime creatures (D:13)
  A wind drake (Lair:5)
  2 two-headed ogres
  5 hornets
  19 blink frogs
  17 hippogriffs
  A raiju (shapeshifter) (D:13)
  A vampire (D:11)
  4 wraiths (D:13)
  3 redbacks (Lair:3)
  13 wyverns
  16 humans (D:13)
  18 yaks
  10 basilisks
  4 vampire mosquitoes (D:13)
  10 wargs (Orc:2)
  6 hungry ghosts
  Menkaure (D:4)
  A soldier ant (D:12)
  6 swamp worms
  24 water moccasins
  12 porcupines
  A hornet zombie (D:7)
  An ice beast (D:13)
  37 orc warriors
  2 sky beasts
  5 phantoms
  4 black bears
  15 ogres
  8 centaurs
  10 wolves
  12 crocodiles
  2 big kobolds
  16 bullfrogs
  6 scorpions
  3 killer bees (D:12)
  An electric eel (Lair:3)
  17 wights
  7 crimson imps
  5 howler monkeys
  2 bullfrog zombies
  6 hounds
  8 jellies
  6 centaur skeletons
  12 orc priests
  30 orc wizards
  2 bullfrog skeletons
  5 iguanas
  8 worker ants
  4 hound skeletons
  Robin (D:2)
  2 gnolls (D:11)
  2 howler monkey skeletons
  23 adders
  2 river rats (Sewer)
  3 shadow imps
  2 oozes
  An adder skeleton (D:7)
  4 worms
  2 dart slugs
  16 leopard geckos
  96 orcs
  A giant cockroach (D:3)
  18 goblins
  7 hobgoblins
  11 jackals
  8 quokkas
  7 ball pythons
  5 bats
  10 frilled lizards
  A giant cockroach zombie (D:5)
  A jackal skeleton (D:7)
  19 kobolds
  A leopard gecko zombie (D:5)
  A quokka skeleton (D:7)
  13 rats
  A fungus (Lair:6)
  7 plants
806 creatures vanquished.

Vanquished Creatures (collateral kills)
  A harpy skeleton (D:13)
  2 blink frogs (Lair:4)
  A vampire (D:12)
  5 yaks
  A necrophage (D:12)
  A bullfrog (Lair:1)
  2 killer bees (D:12)
  2 orcs (D:12)
15 creatures vanquished.

Vanquished Creatures (others)
  An orc wizard (D:6)
  A bush (Lair:6)
  27 fungi
  23 plants
52 creatures vanquished.

Grand Total: 873 creatures vanquished

Notes
Turn   | Place    | Note
-------+----------+-------------------------------------------
     0 | D:1      | PurpleRed the Centaur Ice Elementalist began the quest for the Orb.
     0 | D:1      | Reached XP level 1. HP: 14/14 MP: 3/3
   190 | D:1      | Reached XP level 2. HP: 17/20 MP: 0/4
   244 | D:1      | Learned a level 2 spell: Throw Frost
  1013 | D:1      | Reached XP level 3. HP: 20/26 MP: 1/6
  1312 | D:2      | Found a shadowy altar of Dithmenos.
  1313 | D:2      | Found a sacrificial altar of Ru.
  1579 | D:2      | Found a glowing silver altar of Zin.
  1856 | D:2      | Reached XP level 4. HP: 33/33 MP: 2/7
  2007 | D:2      | Reached skill level 1 in Conjurations
  2084 | D:2      | Noticed Robin
  2112 | D:2      | Killed Robin
  2360 | D:2      | Learned a level 3 spell: Ozocubu's Armour
  2566 | D:3      | Found a glowing drain.
  2599 | D:2      | Reached XP level 5. HP: 16/38 MP: 0/9
  3041 | Sewer    | Entered a sewer
  3236 | Sewer    | Reached XP level 6. HP: 41/45 MP: 9/11
  3390 | Sewer    | Learned a level 4 spell: Throw Icicle
  3589 | D:3      | Found an opulent altar of Gozag.
  4067 | D:4      | Found a staircase to the Ecumenical Temple.
  4094 | Temple   | Entered the Ecumenical Temple
  4219 | Temple   | Became a worshipper of Vehumet
  4304 | D:4      | Noticed Grinder
  4347 | D:5      | Entered Level 5 of the Dungeon
  4721 | D:5      | Reached XP level 7. HP: 21/50 MP: 10/12
  4967 | D:5      | Reached skill level 5 in Ice Magic
  5118 | D:5      | Reached skill level 1 in Bows
  5564 | D:5      | Reached XP level 8. HP: 27/57 MP: 4/14
  5728 | D:5      | Noticed TroubleDarcy's ghost (novice TrCK)
  5805 | D:5      | Killed TroubleDarcy's ghost
  5805 | D:5      | Reached skill level 5 in Conjurations
  6286 | D:5      | Reached skill level 5 in Spellcasting
  6412 | D:5      | Found a white marble altar of Elyvilon.
  6412 | D:5      | Found a blossoming altar of Fedhas.
  6417 | D:5      | Found a shattered altar of Ashenzari.
  6419 | D:5      | Found a sparkling altar of Nemelex Xobeh.
  6421 | D:5      | Found a faded altar of an unknown god.
  6538 | D:5      | Found a hazy altar of Hepliaklqana.
  6587 | D:5      | Reached * piety under Vehumet
  6587 | D:5      | Offered knowledge of Flame Tongue by Vehumet.
  6610 | D:5      | Learned a level 1 spell: Flame Tongue
  6761 | D:4      | Reached skill level 5 in Bows
  6854 | D:4      | Noticed Menkaure
  6860 | D:4      | Killed Menkaure
  7405 | D:6      | Found a deep blue altar of Sif Muna.
  7478 | D:6      | Reached XP level 9. HP: 62/62 MP: 16/16
  7858 | D:6      | Found a sparkling altar of Nemelex Xobeh.
  7949 | D:6      | Learned a level 4 spell: Summon Ice Beast
  8436 | D:6      | Reached skill level 1 in Summonings
  8864 | D:7      | Offered knowledge of Sandblast by Vehumet.
  9050 | D:7      | Reached skill level 1 in Fighting
  9249 | D:7      | Reached ** piety under Vehumet
  9839 | D:8      | Offered knowledge of Static Discharge by Vehumet.
 10215 | D:8      | Reached *** piety under Vehumet
 10292 | D:8      | Reached XP level 10. HP: 77/77 MP: 19/19
 10876 | D:4      | Found a bloodstained altar of Trog.
 10906 | D:4      | Paralysed by Grinder for 2 turns
 10927 | D:4      | Killed Grinder
 11222 | D:9      | Found a staircase to the Orcish Mines.
 11406 | D:9      | Found Benunwi's Magic Scroll Shoppe.
 11409 | D:9      | Bought a scroll of identify for 26 gold pieces
 11669 | D:9      | Found a staircase to the Lair.
 12059 | D:9      | Offered knowledge of Iskenderun's Mystic Blast by Vehumet.
 12380 | D:10     | Entered Level 10 of the Dungeon
 13701 | D:10     | Reached **** piety under Vehumet
 13918 | D:11     | Offered knowledge of Airstrike by Vehumet.
 13918 | D:11     | Reached skill level 5 in Fighting
 14419 | D:11     | Reached XP level 11. HP: 88/88 MP: 11/20
 14681 | D:11     | Reached skill level 10 in Bows
 14764 | D:11     | Noticed a four-headed hydra
 15393 | D:11     | Killed a four-headed hydra
 15393 | D:11     | Reached skill level 10 in Ice Magic
 15572 | D:12     | Noticed a hill giant
 15588 | D:12     | Killed a hill giant
 16141 | D:12     | Found Juwev's Food Shop.
 16784 | D:12     | Reached ***** piety under Vehumet
 17495 | D:12     | Killed an unseen horror
 18279 | Lair:1   | Entered Level 1 of the Lair of Beasts
 18336 | Lair:1   | Offered knowledge of Freezing Cloud by Vehumet.
 18512 | Lair:1   | Learned a level 6 spell: Freezing Cloud
 18645 | Lair:1   | Reached skill level 1 in Air Magic
 18841 | Lair:1   | Noticed ultrashaft's ghost (journeyman DEFE)
 18936 | Lair:1   | Killed ultrashaft's ghost
 18936 | Lair:1   | Reached XP level 12. HP: 97/97 MP: 21/21
 19151 | Lair:1   | Noticed Nergalle
 19155 | Lair:1   | Killed Nergalle
 19370 | Lair:1   | Noticed a six-headed hydra
 19378 | Lair:1   | Killed a six-headed hydra
 20014 | Lair:2   | Got a brightly glowing scale mail
 20025 | Lair:2   | Identified the cursed +1 scale mail of Boiling Hail {Str+4} (You found it on level 2 of the Lair of Beasts)
 21117 | Lair:3   | Found a hole to the Spider Nest.
 22027 | Lair:3   | Found a staircase to the Swamp.
 22127 | Lair:3   | Noticed a five-headed hydra
 22143 | Lair:3   | Killed a five-headed hydra
 22682 | Lair:4   | Noticed Harold
 22981 | Lair:4   | Killed Harold
 22981 | Lair:4   | Reached skill level 5 in Air Magic
 23448 | Lair:4   | Got a warped bronze ring
 23450 | Lair:4   | Identified the ring of Ifapp {+Inv rC+} (You found it on level 4 of the Lair of Beasts)
 23517 | Lair:4   | Noticed a five-headed hydra
 23993 | Lair:4   | Reached XP level 13. HP: 74/104 MP: 22/22
 26104 | Lair:5   | Reached ****** piety under Vehumet
 26266 | Lair:5   | Offered knowledge of Lee's Rapid Deconstruction by Vehumet.
 27605 | Lair:6   | Entered Level 6 of the Lair of Beasts
 27605 | Lair:6   | Found a viscous altar of Jiyva.
 27605 | Lair:6   | Found a staircase to the Slime Pits.
 27904 | Lair:6   | Reached XP level 14. HP: 114/114 MP: 25/25
 30255 | Lair:6   | Offered knowledge of Spellforged Servitor by Vehumet.
 30257 | Lair:6   | Reached skill level 10 in Conjurations
 30270 | Lair:6   | Got a brightly glowing great sword
 30271 | Lair:6   | Identified the cursed +0 great sword "Ketoiseo" {venom, rC+ SInv} (You found it on level 6 of the Lair of Beasts)
 30616 | Orc:1    | Entered Level 1 of the Orcish Mines
 31380 | Orc:2    | Entered Level 2 of the Orcish Mines
 31410 | Orc:2    | Noticed Snorg
 31982 | Orc:2    | Found a staircase to the Elven Halls.
 32334 | Orc:2    | Offered knowledge of Poisonous Cloud by Vehumet.
 32688 | Orc:2    | Found Joum Zau's Jewellery Boutique.
 32688 | Orc:2    | Found Egacs's Distillery.
 32763 | Orc:2    | Bought a potion of heal wounds for 80 gold pieces
 32909 | Orc:2    | Found a roughly hewn altar of Beogh.
 32925 | Orc:2    | Killed Snorg
 33219 | Orc:2    | Found a bloodstained altar of Trog.
 33278 | Orc:2    | Found Saxuxzaz's Antique Armour Boutique.
 33278 | Orc:2    | Found Jeits's Jewellery Shoppe.
 33486 | Orc:2    | Bought a potion of curing for 48 gold pieces
 33486 | Orc:2    | Bought a potion of curing for 48 gold pieces
 33486 | Orc:2    | Bought a potion of magic for 128 gold pieces
 33609 | D:13     | Found a gate to the Vaults.
 33609 | D:13     | Noticed Urug
 33780 | D:13     | Killed Urug
 33780 | D:13     | Reached XP level 15. HP: 97/126 MP: 27/27
 33796 | D:13     | Offered knowledge of Delayed Fireball by Vehumet.
 34105 | D:13     | Reached skill level 10 in Fighting
 35106 | D:13     | Noticed a vault warden
 35123 | D:13     | Killed a vault warden
 35877 | D:13     | Offered knowledge of Orb of Destruction by Vehumet.
 36078 | D:13     | Learned a level 7 spell: Orb of Destruction
 36501 | D:13     | Noticed a storm dragon
 36501 | D:13     | Noticed an iron dragon
 37635 | Orc:2    | Bought the ring of Music {rElec rPois rN+ MR+ Int-2} for 648 gold pieces
 38034 | D:13     | Killed a storm dragon
 38310 | D:13     | Killed an iron dragon
 38996 | D:13     | Demolished by a white very ugly thing

Vault maps used:
D:1:      grunt_arrival_lava_bath, st_stairs_11, dk_noncrumbling_3
D:2:      zin_academy, gammafunk_temple_overflow_pools, uniq_robin
D:3:      grunt_gozag_statues, gup_sewer_entry_glass
D:4:      lightli_temple_of_fire, uniq_grinder, uniq_menkaure
D:5:      marbit_many_paths, chequers_temple_overflow_minitemple, first_bread
D:6:      led_sif_pool, nemelex_dance_club_becter
D:9:      lair_entry_dummy, orc_0_dummy, serial_shops, nicolae_shop_trees
D:11:     enter_bailey_7, hangedman_stone_soup
D:12:     serial_shops, shop, dk_noncrumbling_2
D:13:     david_vaults_3, minmay_the_grid_3x3
Temple:   eino_temple_lava
Lair:1:   serial_bayou_shore_a, grunt_megastairs_3, uniq_nergalle
Lair:3:   nicolae_swamp_entry_splash_gauntlet, spider_nest_entry_funnel_web,
          serial_bayou_lagoon_a
Lair:4:   special_room, serial_bayou_pond_d, grunt_megastairs_5, uniq_harold
Lair:5:   beast_lair_carwin_large_4
Lair:6:   gammafunk_lair_ancient_temple, slime_altar_1
Orc:2:    st_orc_town, trog_book, uniq_snorg
Sewer:    sewer_co_cracked_pipes

Skill      XL: |  1  2  3  4  5  6  7  8  9 10 11 12 13 14 15 |
---------------+----------------------------------------------+-----
Ice Magic      | 3 4 5 6 7 9 11 12 13 14 | 14.0
Spellcasting   | 2 3 4 5 6 7 8 9 |  9.7
Conjurations   | 1 2 3 4 5 6 7 9 10 11 | 11.8
Bows           | 3 5 7 9 11 13 14 | 14.0
Summonings     | 2 |  2.0
Fighting       | 3 5 6 7 9 10 | 10.0
Air Magic      | 1 5 |  5.1
Dodging        | 3 |  3.0
Stealth        | |  1.1

Action                   |  1- 3 |  4- 6 |  7- 9 | 10-12 | 13-15 || total
-------------------------+-------+-------+-------+-------+-------++-------
Melee: Unarmed           |     6 |       |       |       |       ||     6
       Kick              |     2 |    30 |    30 |    20 |     4 ||    86
       Whip              |     1 |   169 |   121 |    70 |     4 ||   365
       Quarterstaff      |       |       |    12 |       |       ||    12
       Shortbow          |       |       |     1 |     4 |       ||     5
       Staff             |       |       |       |     3 |     8 ||    11
 Fire: Shortbow          |       |       |   106 |   285 |    32 ||   423
Throw: Tomahawk          |     3 |       |       |       |       ||     3
 Cast: Freeze            |    67 |    90 |   203 |   218 |   170 ||   748
       Throw Frost       |       |     4 |     3 |     5 |    13 ||    25
       Ozocubu's Armour  |       |     2 |    14 |    26 |       ||    42
       Throw Icicle      |       |     1 |     1 |   275 |   458 ||   735
       Flame Tongue      |       |       |     6 |       |       ||     6
       Summon Ice Beast  |       |       |       |    13 |     1 ||    14
       Freezing Cloud    |       |       |       |       |   150 ||   150
       Orb of Destructio |       |       |       |       |    11 ||    11
 Abil: Evoke Invisibilit |       |       |       |     1 |       ||     1
Evoke: Wand              |       |       |       |     1 |     2 ||     3
       Box of beasts     |       |       |       |       |     1 ||     1
  Use: Scroll            |     3 |     3 |    13 |    20 |     7 ||    46
       Potion            |       |     1 |       |     8 |     1 ||    10
  Eat: Chunk             |     3 |     9 |    11 |    60 |   113 ||   196
       Meat ration       |       |       |     1 |       |     8 ||     9
       Fruit             |       |       |       |     6 |     1 ||     7
       Pizza             |       |       |       |     3 |     3 ||     6
       Beef jerky        |       |       |       |     3 |     1 ||     4
       Royal jelly       |       |       |       |     3 |       ||     3
Armor: Robe              |    16 |    80 |   105 |   134 |   103 ||   438
Dodge: Dodged            |    30 |    93 |   120 |   155 |   163 ||   561
